 Dungeon Crawl Stone Soup version 0.27-a0-1219-g958d993ae5 (console) character file.

Game seed: 9689781691172477574

22810 jejorda2 the Fencer (level 13, 0/103 HPs)
             Began as a Merfolk Berserker on June 6, 2021.
             Was an Elder of Trog.
             Slain by a spriggan rider
             ... wielding a +2 spear of flaming
              (12 damage)
             ... on level 1 of the Lair of Beasts.
             The game lasted 00:30:37 (11894 turns).

jejorda2 the Fencer (Merfolk Berserker)            Turns: 11894, Time: 00:30:39

Health: 0/103      AC: 25    Str: 22    XL:     13   Next: 2%
Magic:  13/13      EV: 15    Int:  6    God:    Trog [****..]
Gold:   640        SH:  0    Dex: 23    Spells: 12/12 levels left

rFire    . . .     SeeInvis +   a - +0 great sword
rCold    + . .     Faith    .   (shield currently unavailable)
rNeg     . . .     Spirit   .   M - +2 chain mail {rC+}
rPois    +         Reflect  .   N - +1 hat
rElec    .         Harm     .   B - +1 cloak {Will+}
rCorr    .         Rampage  +   G - +0 pair of gloves
Will     +++..                  L - +2 pair of boots {rampage}
Stlth    ..........             c - amulet of Lucidity {Regen+ Dex+2}
HPRegen  2.27/turn              d - +4 ring of protection
MPRegen  0.13/turn              x - ring of Ehoseewk {Drain rPois Dex+7 SInv}

@: mighty, about to teleport, strong-willed, on berserk cooldown, regenerating,
hasted and slowed, studying Dodging
A: (nimble swimmer 2), mertail
a: Renounce Religion, Berserk, Trog's Hand, Brothers in Arms


You were on level 1 of the Lair of Beasts.
You worshipped Trog.
Trog was greatly pleased with you.
You visited 3 branches of the dungeon, and saw 13 of its levels.
You also visited: Ossuary.

You collected 1014 gold pieces.
You spent 374 gold pieces at shops.

Inventory:

Hand Weapons
 a - a +0 great sword (weapon)
 t - the +11 spear "Zukh" {venom, rF+}
   (You found it on level 5 of the Dungeon)

   It poisons the flesh of those it strikes.
   It protects you from fire.
 I - a +1 antimagic falchion
 P - a +1 scimitar
Missiles
 e - 11 javelins
 h - 21 boomerangs
 k - 69 poisoned darts (quivered)
 o - 7 boomerangs of dispersal
 s - 2 silver javelins
 Q - 5 curare-tipped darts
Armour
 B - a +1 cloak of willpower (worn)
 G - a +0 pair of gloves (worn)
 L - a +2 pair of boots of rampaging (worn)
 M - a +2 chain mail of cold resistance (worn)
 N - a +1 hat (worn)
Jewellery
 c - the amulet of Lucidity (around neck) {Regen+ Dex+2}
   (You acquired it on level 5 of the Dungeon)

   [amulet of regeneration]

   It affects your dexterity (+2).
   It increases your rate of health regeneration.
 d - a +4 ring of protection (left hand)
 x - the ring of Ehoseewk (right hand) {Drain rPois Dex+7 SInv}
   (You acquired it on level 5 of the Dungeon)

   [ring of see invisible]

   It affects your dexterity (+7).
   It protects you from poison.
   It lets you see invisible.
   It drains your maximum health when unequipped.
 y - a ring of willpower
 K - a ring of flight
Wands
 r - a wand of digging (18)
 J - a wand of flame (86)
Scrolls
 b - 7 scrolls of teleportation
 n - 5 scrolls of immolation
 q - 4 scrolls of blinking
 u - a scroll of fog
 C - 4 scrolls of identify
 E - 6 scrolls of magic mapping
 O - 2 scrolls of enchant armour
Potions
 f - 3 potions of haste
 g - 2 potions of might
 i - 6 potions of curing
 j - 3 potions of magic {unknown}
 l - 3 potions of brilliance {unknown}
 m - 3 potions of lignification
 p - 2 potions of ambrosia
 v - 2 potions of invisibility {unknown}
 w - 3 potions of attraction
 A - a potion of heal wounds {unknown}
 D - 2 potions of flight {unknown}
 F - a potion of degeneration {unknown}
 H - 2 potions of mutation {unknown}
Miscellaneous
 z - a piece from Xom's chessboard (15/15)


   Skills:
 - Level 10.0 Fighting
 - Level 16.0 Long Blades
 + Level 2.2 Throwing
 + Level 8.7 Armour
 - Level 10.0 Dodging
 + Level 2.0 Shields


You had 12 spell levels left.
You didn't know any spells.
Your spell library was empty.

Dungeon Overview and Level Annotations

Branches:
Dungeon (11/15)            Temple (0/1) D:4            Lair (1/6) D:10
    Orc (1/2) D:10        Ossuary (visited)

Altars:
Ashenzari
Gozag
Makhleb
Qazlal
Sif Muna
Trog
Wu Jian
Xom

Shops:
D:3 [   D:7 =

Annotations:
Lair:1 1 transporter, Doupopreupt's ghost, novice MiFi


Innate Abilities, Weirdness & Mutations

((You are quick and stealthy near water. (Stealth+, EV+, Speed+++)))
Your lower body shifts to a powerful aquatic tail in water.


Message History

You slice the spriggan!!
You kill the spriggan!
Trog accepts your kill.
Your Shields skill increases to level 2!
You slash Doupopreupt's ghost!
Doupopreupt's ghost is severely damaged.
The spriggan rider hits you with a +2 spear of flaming.
* * * LOW HITPOINT WARNING * * *
The spriggan rider burns you.
* * * LOW HITPOINT WARNING * * *
Doupopreupt's ghost misses you.
You riposte.
You barely miss Doupopreupt's ghost.
Doupopreupt's ghost is severely damaged.
You hit Doupopreupt's ghost but do no damage.
Doupopreupt's ghost is severely damaged.
You are no longer berserk.
You are exhausted.
You feel yourself slow down.
The spriggan rider blocks your ogre's attack.
Unknown command.
You swap places.
The spriggan rider blocks your ogre's attack.
Doupopreupt's ghost hits your ogre.
The spriggan rider hits you but does no damage.
Items here: ) ? [[ ††.
Unknown command.
As you read the scroll of teleportation, it crumbles to dust.
You feel strangely unstable.
Your extra speed is starting to run out.
Your ogre closely misses the spriggan rider.
Doupopreupt's ghost barely misses your ogre.
The spriggan rider misses you.
Unknown command.
The spriggan rider blocks your attack.
Your ogre hits the spriggan rider with a +0 giant club!!
Doupopreupt's ghost hits your ogre!
Your ogre dies!
Your ogre's corpse disappears in a puff of smoke!
The spriggan rider hits you with a +2 spear of flaming!
You die...

##...#####...#.#
#####.?###.Wi###?.## #### #
##.....## #.....##.####..## ###
.......# ###.#..##........# #..
.#..#.####≈#.######.......# #..
.##...#..##...≈#..#.......#####..
.##..©#W...?_.#W)©#©......#.##...
.###.(#...#.(.†i§.#..............
.# #P.##..#§#..)@##..............
.####..#.## #....#..........^....
.......###.##...##.........)#####
........###...###...........## #
######....#####.............P####
##.........###..............
#..........................
#..........................
#..P#####.........#.####.##


You could see a spriggan rider and Doupopreupt's ghost.

Vanquished Creatures
  Gastronok (D:8)
  A boulder beetle (D:10)
  A two-headed ogre (D:9)
  Nergalle (D:10)
  6 skeletal warriors
  Pikel (D:8)
  A cyclops (D:11)
  8 centaur zombies
  A gargoyle (D:10)
  2 cane toads (Lair:1)
  A rime drake (Lair:1)
  A troll (D:11)
  A hornet (Lair:1)
  A meliai zombie (D:10)
  5 blink frogs (Lair:1)
  A shadow (D:10)
  2 spriggans (Lair:1)
  19 yaks
  A vampire (D:10)
  2 wraiths
  3 steam dragons
  A warg (Orc:1)
  2 acid dragons (D:10)
  5 water moccasins
  7 orc warriors
  An ice beast (D:6)
  A black bear (D:7)
  A sky beast (D:6)
  8 ogres
  2 necrophages
  2 wolves (D:10)
  6 centaurs
  A lemure (D:8)
  A kobold brigand (D:10)
  5 bullfrogs
  2 gnoll sergeants
  2 scorpions
  A water moccasin zombie (D:6)
  12 killer bees
  A wight (D:10)
  9 howler monkeys
  3 jellies
  4 hounds
  Crazy Yiuf (D:5)
  A centaur skeleton (D:6)
  4 orc priests
  A gnoll shaman (D:6)
  2 iguanas (D:6)
  13 orc wizards
  A killer bee zombie (D:6)
  2 mummies
  A howler monkey zombie (D:6)
  13 gnolls
  9 adders
  A shadow imp (D:7)
  A white imp (D:5)
  2 ufetubi
  3 worms
  3 dart slugs
  52 orcs
  15 endoplasms
  2 giant cockroaches (D:1)
  6 goblins
  7 hobgoblins
  11 jackals (D:3)
  12 kobolds
  2 quokkas (D:2)
  6 ball pythons
  3 bats
  A frilled lizard (D:1)
  7 gnoll skeletons (Ossuary)
  2 goblin zombies (D:6)
  3 kobold skeletons (Ossuary)
  15 orc skeletons (Ossuary)
  4 rats
343 creatures vanquished.

Vanquished Creatures (collateral kills)
  A moth of wrath (Lair:1)
  4 spriggans (Lair:1)
  Grum (D:10)
  A centaur (D:11)
7 creatures vanquished.

Vanquished Creatures (others)
  2 orc wizards (D:10)
  A fungus (D:2)
  A plant (Lair:1)
  9 toadstools (D:2)
13 creatures vanquished.

Grand Total: 363 creatures vanquished

Notes
Turn   | Place    | Note
-------+----------+-------------------------------------------
     0 | D:1      | jejorda2 the Merfolk Berserker began the quest for the Orb.
     0 | D:1      | Reached XP level 1. HP: 18/18 MP: 1/1
   181 | D:1      | Reached XP level 2. HP: 24/24 MP: 2/2
  1077 | D:2      | Reached XP level 3. HP: 28/29 MP: 3/3
  1103 | D:2      | Reached skill level 4 in Long Blades
  1522 | D:2      | Reached ** piety under Trog
  1851 | D:2      | Reached XP level 4. HP: 31/37 MP: 4/4
  2254 | D:3      | Found a faded altar of an unknown god.
  2282 | D:3      | Reached skill level 5 in Long Blades
  2282 | D:3      | Reached XP level 5. HP: 32/42 MP: 5/5
  2558 | D:3      | Found Tugaz Ruxy's Antique Armour Emporium.
  2573 | D:3      | Reached XP level 6. HP: 38/49 MP: 6/6
  2607 | D:3      | Reached *** piety under Trog
  2645 | D:3      | You fall into a shaft and drop 2 floors!
  2645 | D:5      | Entered Level 5 of the Dungeon
  2669 | D:5      | Identified the +11 spear "Zukh" {venom, rF+}
  2719 | D:5      | Identified a scroll of acquirement
  2719 | D:5      | Acquired the amulet of Lucidity {Regen+ Dex+2}
  2746 | D:5      | Reached skill level 6 in Long Blades
  2966 | D:3      | Reached skill level 5 in Fighting
  2966 | D:3      | Reached XP level 7. HP: 56/56 MP: 7/7
  3269 | D:4      | Found a shimmering blue altar of Sif Muna.
  3544 | D:4      | Found a staircase to the Ecumenical Temple.
  3597 | D:4      | Reached skill level 7 in Long Blades
  4053 | D:5      | Acquired the ring of Ehoseewk {Drain rPois Dex+7 SInv}
  4103 | D:5      | Found a runed translucent door.
  4104 | D:5      | Noticed Crazy Yiuf
  4217 | D:5      | Reached **** piety under Trog
  4428 | D:5      | Reached XP level 8. HP: 64/64 MP: 8/8
  4520 | D:5      | Reached skill level 8 in Long Blades
  4614 | D:5      | Acquired a manual of Dodging
  4737 | D:5      | Killed Crazy Yiuf
  4801 | D:6      | Reached skill level 9 in Long Blades
  4838 | D:6      | You fall into a shaft and drop 1 floor!
  4881 | D:6      | Found a sand-covered staircase.
  4894 | Ossuary  | Entered an ossuary
  4894 | Ossuary  | Noticed a wraith
  4894 | Ossuary  | Noticed a wraith
  4894 | Ossuary  | Noticed a wraith
  4950 | Ossuary  | Noticed a wraith
  5005 | Ossuary  | Killed a wraith
  5006 | Ossuary  | Reached XP level 9. HP: 69/69 MP: 9/9
  5223 | D:6      | Reached skill level 10 in Long Blades
  5398 | D:6      | Reached ***** piety under Trog
  5828 | D:6      | Reached skill level 5 in Armour
  5938 | D:6      | Reached skill level 11 in Long Blades
  6102 | D:7      | Found Xyckezet's Jewellery Boutique.
  6386 | D:7      | Received a gift from Trog
  6387 | D:7      | Reached XP level 10. HP: 76/76 MP: 10/10
  6395 | D:7      | Reached skill level 12 in Long Blades
  6515 | D:7      | Found an opulent altar of Gozag.
  6800 | D:3      | Bought a pair of embroidered boots for 187 gold pieces
  6800 | D:3      | Bought a pair of glowing boots for 187 gold pieces
  6981 | D:8      | Noticed Pikel
  6989 | D:8      | Killed Pikel
  7055 | D:8      | Reached skill level 13 in Long Blades
  7263 | D:8      | Noticed Gastronok
  7274 | D:8      | Killed Gastronok
  7275 | D:8      | Reached skill level 14 in Long Blades
  7971 | D:9      | Reached XP level 11. HP: 81/81 MP: 11/11
  8125 | D:9      | Reached skill level 15 in Long Blades
  8161 | D:9      | Noticed a two-headed ogre
  8166 | D:9      | Killed a two-headed ogre
  8494 | D:10     | Entered Level 10 of the Dungeon
  8494 | D:10     | Noticed Nergalle
  8494 | D:10     | Noticed a skeletal warrior
  8495 | D:10     | Noticed a skeletal warrior
  8495 | D:10     | Noticed a skeletal warrior
  8558 | D:10     | Noticed a boulder beetle
  8568 | D:10     | Killed a boulder beetle
  8718 | D:10     | Killed Nergalle
  8719 | D:10     | Reached skill level 16 in Long Blades
  8770 | D:10     | Found a shimmering altar of Xom.
  8800 | D:9      | Killed a skeletal warrior
  8801 | D:9      | Reached skill level 5 in Dodging
  8838 | D:9      | Killed a skeletal warrior
  8905 | D:10     | Killed a skeletal warrior
  9050 | D:10     | Found a staircase to the Lair.
  9066 | D:10     | Reached XP level 12. HP: 88/91 MP: 12/12
  9078 | D:10     | Found a staircase to the Orcish Mines.
  9105 | D:10     | Noticed Grum
  9108 | D:10     | Reached skill level 10 in Dodging
  9120 | D:10     | Killed Grum
  9177 | D:10     | Found a burning altar of Makhleb.
  9212 | D:10     | Found an ornate altar of the Wu Jian Council.
  9355 | D:10     | Found a stormy altar of Qazlal.
  9355 | D:10     | Found a bloodstained altar of Trog.
  9356 | D:10     | Found a broken altar of Ashenzari.
 10753 | Orc:1    | Entered Level 1 of the Orcish Mines
 10763 | D:10     | Reached skill level 10 in Fighting
 10918 | Lair:1   | Entered Level 1 of the Lair of Beasts
 11039 | Lair:1   | Found the +7 mace of Variability {chain chaos}
 11152 | Lair:1   | Found a bloodstained altar of Trog.
 11152 | Lair:1   | Noticed Doupopreupt's ghost (novice MiFi)
 11175 | Lair:1   | Found a transporter.
 11179 | Lair:1   | Found a transporter.
 11430 | Lair:1   | Reached skill level 1 in Throwing
 11441 | Lair:1   | Reached skill level 1 in Shields
 11884 | Lair:1   | Reached XP level 13. HP: 30/103 MP: 13/13
 11890 | Lair:1   | HP: 7/154 [spriggan rider/+2 spear of flaming (2)]
 11894 | Lair:1   | Slain by a spriggan rider

Illustrated notes

Levels and vault maps discovered:
D:1:      tarquinn_simple_flora_water_f, layout_loops_cross
D:2:      cheibrodos_fertilizer, layout_basic
D:3:      layout_rooms, hellmonk_ecumenical_altar_dog_temple, serial_shops,
          nicolae_shop_overgrown_old_shop, guppyfry_early_orc_mine
D:4:      layout_basic, lemuel_coloured_pillars_altar, minmay_temple_entry_waves
D:5:      layout_loops_cross, minmay_checkerbox, uniq_crazy_yiuf_cottage
D:6:      minmay_bubble_buster, layout_basic, nicolae_ossuary_entry_giza
D:7:      layout_rooms, grunt_gozag_breadcrumbs, serial_glass, glass_columns_a,
          glass_columns_b, serial_shops, shop, patterned_corridor
D:8:      layout_loops_corners, uniq_gastronok, uniq_pikel
D:9:      layout_irregular_city
D:10:     layout_small_grid, gammafunk_temple_overflow_claw, old_standard_altar,
          xom_confusion_cloud, bloody_makhleb, lair_entry_dummy, orc_david_3,
          uniq_nergalle, uniq_grum
D:11:     layout_basic
Lair:1:   layout_small_grid, gammafunk_ghost_wrathful_warriors
Orc:1:    layout_caves, uniq_maurice, uniq_harold

Skill      XL: |  1  2  3  4  5  6  7  8  9 10 11 12 13 |
---------------+----------------------------------------+-----
Long Blades    | 4 5 6 7 9 11 14 16 | 16.0
Fighting       | 4 5 6 7 10 | 10.0
Armour         | 2 3 4 5 6 8 |  8.7
Dodging        | 9 10 | 10.0
Throwing       | 2 |  2.2
Shields        | 1 2 |  2.0

Action                   |  1- 3 |  4- 6 |  7- 9 | 10-12 | 13-15 || total
-------------------------+-------+-------+-------+-------+-------++-------
Melee: Falchion          |    76 |       |       |       |       ||    76
       Long sword        |    28 |   139 |    25 |       |       ||   192
       Great sword       |       |       |   264 |   566 |     9 ||   839
Throw: Dart              |       |     3 |     9 |    21 |       ||    33
       Javelin           |       |       |       |     3 |       ||     3
Invok: Berserk           |     1 |     4 |     5 |    10 |       ||    20
       Trog's Hand       |       |     2 |       |     2 |       ||     4
       Brothers in Arms  |       |       |       |     5 |       ||     5
  Use: Scroll            |       |     9 |    11 |     2 |     1 ||    23
       Potion            |       |       |       |     2 |       ||     2
Armor: Animal skin       |     4 |       |       |       |       ||     4
       Leather armour    |    20 |    32 |       |       |       ||    52
       Scale mail        |       |       |    28 |       |       ||    28
       Chain mail        |       |       |   129 |   391 |     5 ||   525
Dodge: Dodged            |    61 |    91 |   143 |   335 |     7 ||   637
       Rpst.: Falchion   |    13 |       |       |       |       ||    13
       Long sword        |     9 |    23 |     1 |       |       ||    33
       Great sword       |       |       |    47 |    98 |     4 ||   149

Table legend: (Time is in decaauts)
 A = Elapsed time spent in this place.
 B = Non-inter-level travel time spent in this place.
 C = Inter-level travel time spent in this place.
 D = Time resting spent in this place.
 E = Time spent auto-exploring this place.
 F = Levels seen in this place.
 G = Mean time per level.
                   A        B        C        D        E       F      G
               +--------+--------+--------+--------+--------+-----+--------+
         Total |  12112 |  11451 |    661 |    824 |   8154 |  14 |  865.1 |
       Dungeon |  10730 |  10110 |    620 |    741 |   7211 |  11 |  975.5 |
          Lair |    957 |    917 |     40 |      0 |    771 |   1 |  957.0 |
  Orcish Mines |    135 |    135 |      0 |      0 |     90 |   1 |  135.0 |
       Ossuary |    288 |    288 |      0 |     83 |     82 |   1 |  288.0 |
               +--------+--------+--------+--------+--------+-----+--------+

Top non-repeatable levels by time:
     D:2: 1484 daAuts
     D:6: 1121 daAuts
     D:9: 1072 daAuts
    D:11: 1030 daAuts
     D:4: 1020 daAuts
  Lair:1: 957 daAuts
    D:10: 944 daAuts
     D:5: 917 daAuts
     D:8: 904 daAuts
     D:1: 823 daAuts
     D:3: 742 daAuts
     D:7: 668 daAuts
 Ossuary: 288 daAuts
   Orc:1: 135 daAuts
